 Dungeon Crawl Stone Soup version 0.29.0-4-gdea44cf6ec (webtiles) character file.

Game seed: 5794669788240824795

1054 qw the Grappler (level 8, -5/75 HPs)
             Began as a Troll Cinder Acolyte on Sept 1, 2022.
             Was an Elder of Ignis.
             Shot with an arrow by a centaur (9 damage)
             ... on level 5 of the Dungeon.
             The game lasted 00:02:20 (3859 turns).

qw the Grappler (Troll Cinder Acolyte)              Turns: 3859, Time: 00:02:20

Health: -5/75      AC:  4    Str: 25    XL:     8   Next: 5%
Magic:  8/8        EV:  9    Int: 10    God:    Ignis [****..]
Gold:   129        SH:  0    Dex: 10    Spells: 9/9 levels left

rFire   + . .      SeeInvis .     - Unarmed
rCold   . . .      Faith    .   (no shield)
rNeg    + . .      Spirit   .   a - +0 robe
rPois   .          Reflect  .   (helmet restricted)
rElec   .          Harm     .   (no cloak)
rCorr   +          Rampage  .   (gloves unavailable)
Will    .....                   (boots unavailable)
Stlth   +.........              i - amulet of regeneration
HPRegen 1.82/turn               g - ring of resist corrosion
MPRegen 0.11/turn               b - ring "Maby" {rN+ Dex+5}

@: no status effects
A: large, unfitting armour, claws 3, regeneration 1, shaggy fur 1, tough skin 1
a: Renounce Religion, Fiery Armour, Foxfire Swarm, Rising Flame


You were on level 5 of the Dungeon.
You worshipped Ignis.
Ignis was greatly pleased with you.
You visited 1 branch of the dungeon, and saw 5 of its levels.

You collected 129 gold pieces.


Innate Abilities, Weirdness & Mutations

You are too large for most types of armour.
You have claws for hands.
Your natural rate of healing is unusually fast.
You are covered in fur. (AC +1)
You have tough skin. (AC +1)


   Skills:
 - Level 3.0 Fighting
 - Level 1.1 Dodging
 + Level 9.5 Unarmed Combat
 - Level 1.0 Spellcasting
 - Level 2.1 Fire Magic


You had 9 spell levels left.
You didn't know any spells.
Your spell library contained the following spells:

 Spells                   Type           Power      Damage    Failure   Level
 Scorch                   Fire           8%         2d5       22%         2

Inventory:

Armour
 a - a +0 robe (worn)
Jewellery
 b - the ring "Maby" (right claw) {rN+ Dex+5}
   (You found it on level 2 of the Dungeon)

   [ring of positive energy]

   Dex:       It affects your dexterity (+5).
   rN:        It protects you from negative energy.
 g - a ring of resist corrosion (left claw)
 i - an amulet of regeneration (around neck)
Scrolls
 c - 2 scrolls of teleportation
 e - 2 scrolls of identify
 n - 2 scrolls of enchant armour
Potions
 d - 5 potions of curing
 h - a potion of heal wounds
 j - 2 potions of haste
 o - a potion of might

Dungeon Overview and Level Annotations

Branches:
Dungeon (5/15)
 Temple: D:4-7

Altars:
Qazlal
Wu Jian

Shops:
D:1 *

Annotations:
D:3 3 runed translucent doors, Luzakky's ghost, amateur HuHu
D:4 1 runed translucent door, qw's ghost, novice TrCA


Message History

3778 ||| FLEEEEING.
There is an open door here.
You start resting.
HP restored.
Things that are here:
a +0 robe; a +1 dagger of venom; an orc skeleton
e - 2 scrolls of identify (gained 1)
A scorpion is nearby!
You barely miss the scorpion. The scorpion stings you.
You mangle the scorpion!!
You kill the scorpion!
You have reached level 8!
You start resting.
HP restored.
d - 5 potions of curing (gained 1) As you open the door, it creaks loudly!
There is an open door here.
The centaur shoots an arrow.
The arrow hits you.
Enter note: The centaur shoots an arrow.
The arrow hits you!
3852 ||| FLEEEEING.
The centaur shoots an arrow.
The arrow hits you!
3853 ||| FLEEEEING.
The centaur shoots an arrow.
The arrow hits you.
The centaur shoots an arrow.
The arrow barely misses you.
3854 ||| FLEEEEING.
The centaur shoots an arrow.
The arrow hits you.
3855 ||| FLEEEEING.
The centaur shoots an arrow.
The arrow closely misses you.
The centaur shoots an arrow.
The arrow hits you!
3856 ||| FLEEEEING.
The centaur shoots an arrow.
The arrow hits you!
3857 ||| FLEEEEING.
The centaur shoots an arrow.
The arrow hits you!
3858 ||| FLEEEEING.
The centaur shoots an arrow.
The arrow hits you!
3859 ||| FLEEEEING.
The centaur shoots an arrow.
The arrow hits you!
You die...

#...##....##....#...#...
#...##....##....#......ยค
#...............#.....##
#.........##...####....#
######....##'######....#
#.................#
#....##...........#
##....##...........#
+..@.........##....#
##.......######....#
#.....%.....##....#
####~~.%.....#.....#
.P.$.c~.......#.....#
.####~~.......'.....#
.............##....#
###..........#######
#...........$....


You could see a centaur.

Vanquished Creatures
  Sigmund (D:2)
  Eustachio (D:4)
  An ogre (D:5)
  A phantom (D:4)
  A necrophage (D:4)
  A scorpion (D:5)
  2 hounds
  2 orc priests
  An iguana (D:4)
  Jessica (D:2)
  Ijyb (D:3)
  4 orc wizards
  4 gnolls (D:2)
  3 adders
  A white imp (D:4)
  22 orcs
  6 ball pythons
  4 endoplasms
  2 giant cockroaches
  5 goblins
  10 hobgoblins
  3 jackals (D:1)
  5 kobolds
  6 quokkas
  8 bats
  3 frilled lizards
  4 rats
103 creatures vanquished.

Notes
Turn   | Place    | Note
-------+----------+-------------------------------------------
     0 | D:1      | qw the Troll Cinder Acolyte began the quest for the Orb.
     0 | D:1      | Reached XP level 1. HP: 22/22 MP: 1/1
     0 | D:1      | 0 ||| qw: Version: 0.1-a-97-g2dd2ca4
     0 | D:1      | 0 ||| qw: Game counter: 4867
     0 | D:1      | 0 ||| qw: Always use a shield: true
     0 | D:1      | 0 ||| qw: God list: Okawaru
     0 | D:1      | 0 ||| qw: Allow faded altars: false
     0 | D:1      | 0 ||| qw: Do Orc after D:15 true
     0 | D:1      | 0 ||| qw: Do second Lair branch before Depths: true
     0 | D:1      | 0 ||| qw: Lair rune preference: random
     0 | D:1      | 0 ||| qw: Plans: Normal
     0 | D:1      | 0 ||| PLANNING D:1-11
   123 | D:1      | Found a faded altar of an unknown god.
   222 | D:1      | Reached XP level 2. HP: 29/29 MP: 2/2
   274 | D:1      | 274 ||| Stepping ~*~*~tactically~*~*~ (stealth).
   305 | D:1      | 305 ||| Stepping ~*~*~tactically~*~*~ (stealth).
   361 | D:1      | Reached skill level 4 in Unarmed Combat
   373 | D:1      | Found Jeasora Qugh's Assorted Antiques.
   380 | D:1      | 380 ||| SHOPLISTING inky potion (25 gold, have 19).
   380 | D:1      | 380 ||| SHOPLISTING red potion (25 gold, have 19).
   380 | D:1      | 380 ||| SHOPLISTING scroll labelled FIYCHONUSM (28 gold,
                  | have 19).
   380 | D:1      | 380 ||| SHOPLISTING scroll labelled GOLALY XEAXE (28 gold,
                  | have 19).
   380 | D:1      | 380 ||| SHOPLISTING scroll labelled HOTSON WODOA (28 gold,
                  | have 19).
   380 | D:1      | 380 ||| SHOPLISTING scroll labelled PIYVIDW VOAM (28 gold,
                  | have 19).
   380 | D:1      | 380 ||| SHOPLISTING smoky red potion (25 gold, have 19).
   719 | D:1      | 719 ||| UPGRADING to ring of resist corrosion.
   720 | D:1      | 720 ||| READING scroll labelled HOTSON WODOA.
   760 | D:1      | 760 ||| READING 5 scrolls labelled FIYCHONUSM.
   761 | D:1      | 761 ||| READING scroll labelled KUFIFE UDEN.
   764 | D:1      | 764 ||| READING scroll labelled KIOW JUNIT.
   765 | D:1      | 765 ||| DRINKING 2 pink potions.
   873 | D:2      | Reached XP level 3. HP: 36/36 MP: 3/3
  1129 | D:2      | Noticed Sigmund
  1130 | D:2      | 1130 ||| Stepping ~*~*~tactically~*~*~ (hiding).
  1142 | D:2      | Killed Sigmund
  1143 | D:2      | Reached skill level 6 in Unarmed Combat
  1143 | D:2      | Reached XP level 4. HP: 33/44 MP: 4/4
  1143 | D:2      | Reached XP level 5. HP: 38/50 MP: 5/5
  1333 | D:2      | Noticed Jessica
  1334 | D:2      | 1334 ||| FLEEEEING.
  1338 | D:2      | 1338 ||| FLEEEEING.
  1339 | D:2      | 1339 ||| FLEEEEING.
  1351 | D:2      | Killed Jessica
  1629 | D:2      | 1629 ||| UPGRADING to amulet of regeneration.
  1634 | D:2      | 1634 ||| READING scroll labelled NOECOL ZECAY.
  1635 | D:2      | 1635 ||| READING scroll labelled DARAIPTEYX.
  1636 | D:2      | 1636 ||| READING scroll labelled XUUMYO YKIRCH.
  1637 | D:2      | 1637 ||| READING scroll labelled TEQAULAEDGH.
  1651 | D:2      | 1651 ||| READING 4 scrolls of identify.
  1651 | D:2      | 1651 ||| IDENTIFYING metallic sapphire potion
  1652 | D:2      | 1652 ||| READING 3 scrolls of identify.
  1652 | D:2      | 1652 ||| IDENTIFYING brown potion
  1653 | D:2      | 1653 ||| DROPPING potion of attraction.
  1809 | D:2      | Identified the ring "Maby" {rN+ Dex+5}
  1863 | D:2      | 1863 ||| INVOKING Fiery Armour.
  1864 | D:2      | 1864 ||| Stepping ~*~*~tactically~*~*~ (stealth).
  1866 | D:2      | 1866 ||| Stepping ~*~*~tactically~*~*~ (hiding).
  1876 | D:2      | Reached XP level 6. HP: 56/59 MP: 6/6
  1956 | D:2      | 1956 ||| UPGRADING to ring "Maby" {rN+ Dex+5}.
  2020 | D:3      | Found a runed translucent gate.
  2021 | D:3      | Found a runed translucent gate.
  2022 | D:3      | Found a runed translucent gate.
  2071 | D:3      | 2071 ||| Stepping ~*~*~tactically~*~*~ (hiding).
  2076 | D:3      | Reached skill level 1 in Dodging
  2077 | D:3      | Noticed Ijyb
  2078 | D:3      | 2078 ||| Stepping ~*~*~tactically~*~*~ (stealth).
  2085 | D:3      | 2085 ||| Stepping ~*~*~tactically~*~*~ (stealth).
  2087 | D:3      | 2087 ||| Stepping ~*~*~tactically~*~*~ (stealth).
  2088 | D:3      | 2088 ||| Stepping ~*~*~tactically~*~*~ (stealth).
  2089 | D:3      | 2089 ||| Stepping ~*~*~tactically~*~*~ (stealth).
  2110 | D:3      | Killed Ijyb
  2111 | D:3      | Reached skill level 7 in Unarmed Combat
  2116 | D:3      | 2116 ||| Stepping ~*~*~tactically~*~*~ (stealth).
  2123 | D:3      | 2123 ||| Stepping ~*~*~tactically~*~*~ (outnumbered).
  2222 | D:3      | Found a stormy altar of Qazlal.
  2236 | D:3      | Noticed Luzakky's ghost (amateur HuHu)
  2629 | D:3      | 2629 ||| READING scroll labelled DAGAECL COPSEL.
  2630 | D:3      | 2630 ||| DRINKING 3 golden potions.
  2653 | D:3      | 2653 ||| READING 4 scrolls of identify.
  2653 | D:3      | 2653 ||| IDENTIFYING red potion
  2654 | D:3      | 2654 ||| READING 3 scrolls of identify.
  2654 | D:3      | 2654 ||| IDENTIFYING inky potion
  2655 | D:3      | 2655 ||| READING 2 scrolls of identify.
  2655 | D:3      | 2655 ||| IDENTIFYING puce potion
  2656 | D:3      | 2656 ||| DROPPING 2 potions of lignification.
  2657 | D:3      | 2657 ||| DROPPING potion of flight.
  2658 | D:3      | 2658 ||| DROPPING potion of degeneration.
  2886 | D:4      | 2886 ||| INVOKING Fiery Armour.
  2945 | D:4      | 2945 ||| Stepping ~*~*~tactically~*~*~ (stealth).
  2946 | D:4      | 2946 ||| Stepping ~*~*~tactically~*~*~ (stealth).
  2948 | D:4      | 2948 ||| Stepping ~*~*~tactically~*~*~ (stealth).
  2951 | D:4      | 2951 ||| Stepping ~*~*~tactically~*~*~ (stealth).
  2952 | D:4      | 2952 ||| Stepping ~*~*~tactically~*~*~ (stealth).
  2981 | D:4      | Noticed Eustachio
  2985 | D:4      | 2985 ||| Stepping ~*~*~tactically~*~*~ (outnumbered).
  3018 | D:4      | Killed Eustachio
  3019 | D:4      | Reached skill level 8 in Unarmed Combat
  3019 | D:4      | Reached XP level 7. HP: 66/66 MP: 7/7
  3105 | D:4      | 3105 ||| Stepping ~*~*~tactically~*~*~ (stealth).
  3106 | D:4      | 3106 ||| Stepping ~*~*~tactically~*~*~ (stealth).
  3109 | D:4      | 3109 ||| Stepping ~*~*~tactically~*~*~ (hiding).
  3111 | D:4      | 3111 ||| Stepping ~*~*~tactically~*~*~ (hiding).
  3140 | D:4      | Found a runed translucent door.
  3143 | D:4      | Noticed qw's ghost (novice TrCA)
  3146 | D:4      | 3146 ||| Stepping ~*~*~tactically~*~*~ (stealth).
  3149 | D:4      | 3149 ||| Stepping ~*~*~tactically~*~*~ (stealth).
  3207 | D:4      | Reached skill level 3 in Fighting
  3432 | D:4      | 3432 ||| READING 3 scrolls labelled DUXUGGUNASCH.
  3433 | D:4      | 3433 ||| READING scroll labelled RAON TIHICK.
  3434 | D:4      | 3434 ||| READING 2 scrolls of identify.
  3434 | D:4      | 3434 ||| IDENTIFYING smoky red potion
  3435 | D:4      | 3435 ||| DROPPING 2 scrolls of fear.
  3464 | D:5      | Entered Level 5 of the Dungeon
  3497 | D:5      | Found an ornate altar of the Wu Jian Council.
  3504 | D:5      | 3504 ||| INVOKING Fiery Armour.
  3506 | D:5      | 3506 ||| FLEEEEING.
  3507 | D:5      | 3507 ||| FLEEEEING.
  3508 | D:5      | 3508 ||| FLEEEEING.
  3509 | D:5      | 3509 ||| FLEEEEING.
  3516 | D:5      | Reached skill level 9 in Unarmed Combat
  3528 | D:5      | 3528 ||| FLEEEEING.
  3529 | D:5      | 3529 ||| FLEEEEING.
  3530 | D:5      | 3530 ||| STAIRDANCE
  3588 | D:4      | 3588 ||| READING scroll labelled NOATRI NU UMAN.
  3637 | D:5      | 3637 ||| FLEEEEING.
  3643 | D:5      | 3643 ||| FLEEEEING.
  3644 | D:5      | 3644 ||| FLEEEEING.
  3645 | D:5      | 3645 ||| FLEEEEING.
  3645 | D:5      | HP: 15/67 [centaur/arrow (2)]
  3646 | D:5      | 3646 ||| FLEEEEING.
  3647 | D:5      | 3647 ||| FLEEEEING.
  3648 | D:5      | 3648 ||| FLEEEEING.
  3656 | D:5      | 3656 ||| STAIRDANCE
  3748 | D:5      | 3748 ||| FLEEEEING.
  3749 | D:5      | 3749 ||| FLEEEEING.
  3755 | D:5      | 3755 ||| FLEEEEING.
  3759 | D:5      | 3759 ||| FLEEEEING.
  3770 | D:5      | 3770 ||| FLEEEEING.
  3776 | D:5      | 3776 ||| FLEEEEING.
  3778 | D:5      | 3778 ||| FLEEEEING.
  3823 | D:5      | Reached XP level 8. HP: 72/75 MP: 8/8
  3852 | D:5      | 3852 ||| FLEEEEING.
  3853 | D:5      | 3853 ||| FLEEEEING.
  3854 | D:5      | 3854 ||| FLEEEEING.
  3855 | D:5      | 3855 ||| FLEEEEING.
  3856 | D:5      | 3856 ||| FLEEEEING.
  3857 | D:5      | 3857 ||| FLEEEEING.
  3857 | D:5      | HP: 16/75 [centaur/arrow (9)]
  3858 | D:5      | 3858 ||| FLEEEEING.
  3858 | D:5      | HP: 4/75 [centaur/arrow (11)]
  3859 | D:5      | 3859 ||| FLEEEEING.
  3859 | D:5      | Shot with an arrow by a centaur

Levels and vault maps discovered:
D:1:      lightli_molten_gateway, layout_loops_ring, serial_shops, shop,
          shapermc_ecumenical_altar_mp_highgroup, minmay_tall_x
D:2:      layout_basic, uniq_jessica, uniq_sigmund
D:3:      layout_loops_cross, mainiacjoe_overflow_six_doors_small,
          gammafunk_ghost_icy, uniq_ijyb
D:4:      layout_gridville, ebering_ghost_reflecting_pool,
          lightli_corner_chamber, uniq_eustachio
D:5:      layout_gridville, nicolae_overflow_hidden_temple,
          nicolae_wu_jian_wuxing_cycle, grunt_ministairs_9,
          minmay_misc_feat_iff, grunt_decor_arrowhead, grunt_decor_cap,
          kb_lookout_dungeons_type, minmay_shop_mass, kennysheep_generic_room_11

Skill      XL: |  1  2  3  4  5  6  7 |
---------------+----------------------+-----
Unarmed Combat | 4 6 8 9 |  9.5
Dodging        | 1 |  1.1
Fighting       | 3 |  3.0
Spellcasting   | |  1.0
Fire Magic     | |  2.1

Action                   |  1- 3 |  4- 6 |  7- 9 || total
-------------------------+-------+-------+-------++-------
Melee: Unarmed           |    79 |   101 |    53 ||   233
       Punch             |     3 |     1 |     1 ||     5
Invok: Fiery Armour      |       |     2 |     1 ||     3
  Use: Scroll            |     4 |    10 |     4 ||    18
       Potion            |     1 |     1 |       ||     2
Armor: Robe              |    16 |    23 |    11 ||    50
Dodge: Dodged            |    24 |    22 |    26 ||    72

Table legend:
 A = Non-vault XP
 B = Vault XP
 C = Vault XP percentage of total XP
 D = Non-vault monster count
 E = Vault monster count
 F = Vault count percentage of total count
                 A         B        C        D         E       F
            +---------+---------+-------+---------+---------+-------
      Total |    1007 |     499 |  33.1 |      95 |       8 |   7.8
            +---------+---------+-------+---------+---------+-------
        D:1 |      31 |       6 |  16.2 |      18 |       4 |  18.2
        D:2 |      94 |     260 |  73.4 |      22 |       2 |   8.3
        D:3 |      96 |      36 |  27.3 |      19 |       1 |   5.0
        D:4 |     442 |     197 |  30.8 |      27 |       1 |   3.6
        D:5 |     344 |       0 |   0.0 |       9 |       0 |   0.0
            +---------+---------+-------+---------+---------+-------
